 Dungeon Crawl Stone Soup version 0.15-a0-1363-g87d8b17 (webtiles) character file.

227 seer the Gusty (level 5, 0/36 HPs)
             Began as a Demonspawn Air Elementalist on June 9, 2014.
             Was an Initiate of Ashenzari.
             Succumbed to a worker ant's poison
             ... while paralysed by a potion of paralysis
             ... on Level 5 of the Dungeon.
             The game lasted 00:09:55 (1122 turns).

seer the Gusty (Demonspawn Air Elementalist)        Turns: 1122, Time: 00:09:56

HP   0/36        AC  4     Str  8      XL: 5   Next: 70%
MP   9/18        EV  2     Int 17      God: Ashenzari [......]
Gold 121         SH  0     Dex 16      Spells:  3 memorised,  3 levels left

rFire  . . .     SeeInvis .     t - +8,+7 falchion "Fownokim" {venom, rC+ Dex+2}
rCold  + + .     Clarity  .     a - +0 robe
rNeg   . . .     rCorr    .     (no shield)
rPois  .         rRot     .     (no helmet)
rElec  .         Spirit   .     (no cloak)
SustAb .         Warding  .     m - +0 pair of gloves
rMut   .         Stasis   .     (no boots)
Gourm  .                        (no amulet)
MR     .....                    (no ring)
                                f - ring of magical power

@: paralysed, lethally poisoned, very slightly contaminated, repel missiles, not
resistant to hostile enchantments, unstealthy
A: talons 2, molten scales 1, cold resistance 1
a: Renounce Religion


You were on level 5 of the Dungeon.
You worshipped Ashenzari.
Ashenzari was noncommittal.
You were hungry.

You visited 2 branches of the dungeon, and saw 6 of its levels.

You collected 121 gold pieces.

Inventory:

Hand weapons
 q - a +2,+0 war axe of venom
 t - the +8,+7 falchion "Fownokim" (weapon) {venom, rC+ Dex+2}
   (You found it on level 5 of the Dungeon)

   It poisons the flesh of those it strikes.
   It affects your dexterity (+2).
   It protects you from cold.
Armour
 a - a +0 robe (worn)
 k - a +0 buckler
 m - a +0 pair of gloves (worn)
Magical devices
 j - a wand of frost (9)
 o - a wand of magic darts (21)
 s - a wand of flame (16) {unknown}
Comestibles
 c - 6 bread rations
Scrolls
 d - 4 scrolls of identify {unknown}
 e - 4 scrolls of amnesia {unknown}
 g - a scroll of enchant weapon II {unknown}
 i - a scroll of noise {unknown}
 l - a scroll of blinking {unknown}
 p - 3 scrolls of teleportation {unknown}
 r - a scroll of magic mapping {unknown}
Jewellery
 f - a ring of magical power (left hand)
Potions
 n - a potion of resistance {unknown}
Books
 b - a book of Air

   Spells                             Type                      Level
   *Shock                             Conjuration/Air              1
   *Swiftness                         Charms/Air                   2
   *Repel Missiles                    Charms/Air                   2
   Flight                             Charms/Air                   3
   Static Discharge                   Conjuration/Air              3
   Lightning Bolt                     Conjuration/Air              5


   Skills:
 - Level 0.4 Fighting
 - Level 0.1 Axes
 - Level 1.7 Dodging
 - Level 1.7 Stealth
 - Level 2.0 Spellcasting
 + Level 3.0 Conjurations
 + Level 5.1 Air Magic


You had 3 spell levels left.
You knew the following spells:

 Your Spells              Type           Power        Failure   Level  Hunger
a - Shock                 Conj/Air       ###.         3%          1    #......
b - Swiftness             Chrm/Air       ##......     12%         2    ###....
c - Repel Missiles        Chrm/Air       ##....       12%         2    ###....


Dungeon Overview and Level Annotations

Branches:
Dungeon (5/15)             Temple (1/1) D:5

Altars:
Ashenzari
Gozag
Kikubaaqudgha
Makhleb
Nemelex Xobeh
Vehumet


Innate Abilities, Weirdness & Mutations

You have razor-sharp toenails.
You are partially covered in molten scales (AC +1).
Your flesh is cold resistant.


Message History

The zap hits the worker ant.
You kill the worker ant!
Your Conjurations skill increases to level 3!
* * * LOW HITPOINT WARNING * * *
You feel sick.
Drink which item? (? for menu, Esc to quit)
You suddenly lose the ability to move!
It was a potion of paralysis.
* * * LOW HITPOINT WARNING * * *
You feel sick.
* * * LOW HITPOINT WARNING * * *
You feel sick.
* * * LOW HITPOINT WARNING * * *
You feel sick.
* * * LOW HITPOINT WARNING * * *
You feel sick.
* * * LOW HITPOINT WARNING * * *
You feel sick.
* * * LOW HITPOINT WARNING * * *
You feel sick.
You die...

#.. . . #.. #.... #.. #.....
#.. . #.... #.. ... #..#
#..#####.. #..#####..#
#......... #.........#
#......... #.....@...#
#......... #<.####...#
#......... ..# #...#
#......... #..# #...#
......... #..# #...# ........
#..# #...# ........ #..#
#...####......... ..
#..####................
...####.........####.........


There were no monsters in sight!

Vanquished Creatures
  A crimson imp (D:5)
  A worker ant (D:5)
  A giant frog skeleton (D:5)
  Jessica (D:3)
  A hound skeleton (D:5)
  4 adders
  A giant mite (D:3)
  A worm (D:2)
  5 giant geckos
  2 oozes
  2 orcs (D:3)
  6 bats
  4 giant cockroaches
  4 hobgoblins
  10 jackals
  A quokka (D:4)
  6 goblins
  6 kobolds
  2 rats (D:1)
59 creatures vanquished.

Notes
Turn   | Place    | Note
--------------------------------------------------------------
     0 | D:1      | seer, the Demonspawn Air Elementalist, began the quest for the Orb.
     0 | D:1      | Reached XP level 1. HP: 13/13 MP: 3/3
   137 | D:1      | Reached skill level 3 in Air Magic
   190 | D:2      | Found a sparkling altar of Nemelex Xobeh.
   203 | D:2      | Gained mutation: Your flesh is cold resistant. [demonic ancestry]
   203 | D:2      | Reached XP level 2. HP: 19/19 MP: 3/4
   382 | D:1      | Gained mutation: You are partially covered in molten scales (AC +1). [demonic ancestry]
   382 | D:1      | Reached XP level 3. HP: 24/24 MP: 6/6
   456 | D:2      | Reached skill level 4 in Air Magic
   555 | D:3      | Gained mutation: You have sharp toenails. [demonic ancestry]
   555 | D:3      | Reached XP level 4. HP: 20/30 MP: 1/7
   609 | D:3      | Noticed Jessica
   626 | D:3      | Killed Jessica
   684 | D:3      | Noticed a phantom
   758 | D:4      | Learned a level 2 spell: Swiftness
   761 | D:4      | Learned a level 2 spell: Repel Missiles
   865 | D:5      | Entered Level 5 of the Dungeon
   981 | D:5      | Gained mutation: You have razor-sharp toenails. [demonic ancestry]
   981 | D:5      | Reached XP level 5. HP: 33/36 MP: 9/9
  1002 | D:5      | Found a staircase to the Ecumenical Temple.
  1012 | D:5      | Reached skill level 5 in Air Magic
  1024 | Temple   | Entered the Ecumenical Temple
  1049 | Temple   | Became a worshipper of Ashenzari the Shackled
  1097 | D:5      | Got the falchion "Fownokim" {venom, rC+ Dex+2}
  1098 | D:5      | Identified the +8,+7 falchion "Fownokim" {venom, rC+ Dex+2} (You found it on level 5 of the Dungeon)
  1116 | D:5      | Paralysed by a potion of paralysis for 7 turns
  1121 | D:5      | HP: 1/36 [poisoned by a worker ant]
  1122 | D:5      | Succumbed to a worker ant's poison

Action                   |  1- 3 |  4- 6 || total
-------------------------+-------+-------++-------
Melee: Unarmed           |     3 |       ||     3
       War axe           |       |    19 ||    19
 Cast: Shock             |    52 |    55 ||   107
       Repel Missiles    |       |     1 ||     1
Evoke: Wand              |     1 |     1 ||     2
  Use: Potion            |       |     1 ||     1

Vault maps used:
D:1:      elethiomel_arrival_fortress_basement, minmay_misc_feat_tower
D:2:      old_standard_altar, kennysheep_flooded_box
D:3:      first_bread, uniq_jessica
D:4:      grunt_temple_overflow_order_and_chaos_1, kennysheep_diamond,
          minivault_4
D:5:      led_sif_book, minmay_temple_entry_junction
Temple:   cyrus_temple_forest_13
